 Dungeon Crawl Stone Soup version 0.23.1-37-gaa34b87 (webtiles) character file.

Game seed: 810994093930887396

5148 Fang the Fighter (level 10, 0/99 HPs)
             Began as a Gargoyle Berserker on Mar 25, 2019.
             Was a High Priest of Trog.
             Slain by a sun demon (11 damage)
             ... summoned by a kobold demonologist
             ... on level 9 of the Dungeon.
             The game lasted 00:20:38 (9714 turns).

Fang the Fighter (Gargoyle Berserker)               Turns: 9714, Time: 00:20:39

Health: 0/99       AC: 24    Str: 27    XL:     10   Next: 59%
Magic:  10/10      EV: 10    Int: 12    God:    Trog [*****.]
Gold:   366        SH:  0    Dex: 10    Spells: 9/9 levels left

rFire    . . .     SeeInvis .   s - +1 war axe
rCold    . . .     Gourm    +   (no shield)
rNeg     + + .     Faith    .   j - +0 plate armour
rPois    ∞         Spirit   .   (no helmet)
rElec    +         Reflect  .   m - +2 ratskin cloak {+Rats rPois rN+ Str-1 Int-1 Dex+1}
rCorr    +         Harm     .   (no gloves)
MR       .....                  (no boots)
Stlth    ..........             t - amulet of the gourmand
HPRegen  0.26/turn              l - ring of resist corrosion
MPRegen  0.12/turn              i - +4 ring of intelligence

@: berserking, very quick
A: negative energy resistance 1, electricity resistance, unbreathing,
petrification resistance, rot immunity, AC +7
a: Berserk, Trog's Hand, Brothers in Arms, Renounce Religion, Evoke Ratskin


You were on level 9 of the Dungeon.
You worshipped Trog.
Trog was extremely pleased with you.
You were very full.

You visited 2 branches of the dungeon, and saw 10 of its levels.

You collected 366 gold pieces.

Inventory:

Hand Weapons
 s - a +1 war axe (weapon)
Armour
 j - a +0 plate armour (worn)
 m - the +2 ratskin cloak (worn) {+Rats rPois rN+ Str-1 Int-1 Dex+1}
   (You found it on level 7 of the Dungeon)

   It affects your strength (-1).
   It affects your intelligence (-1).
   It affects your dexterity (+1).
   It protects you from poison.
   It protects you from negative energy.
Jewellery
 i - a +4 ring of intelligence (right hand)
 l - a ring of resist corrosion (left hand)
 n - a +3 amulet of reflection
 t - an amulet of the gourmand (around neck)
 u - an uncursed ring of protection from magic
Wands
 o - a wand of acid (6)
 w - a wand of scattershot (4)
 x - a wand of flame (28)
Scrolls
 d - 2 scrolls of magic mapping
 f - 2 scrolls of remove curse
 q - 3 scrolls of blinking
 z - a scroll of identify
Potions
 a - 2 potions of might
 b - 2 potions of cancellation
 e - a potion of mutation
 g - a potion of brilliance
 h - a potion of flight
 k - 2 potions of curing
 r - a potion of ambrosia
 v - 2 potions of haste
Comestibles
 c - 12 rations
 p - 16 chunks of flesh


   Skills:
 + Level 9.1 Fighting
 + Level 7.5 Axes
 + Level 8.7 Armour
 + Level 6.6 Dodging


You had 9 spell levels left.
You didn't know any spells.
Your spell library was empty.

Dungeon Overview and Level Annotations

Branches:
Dungeon (9/15)             Temple (1/1) D:6             Orc (0/2) D:9
   Lair: D:8-11

Altars:
Ashenzari
Cheibriados
Dithmenos
Gozag
Hepliaklqana
Makhleb
Nemelex Xobeh
Okawaru
Qazlal
Ru
Sif Muna
Trog
Uskayaw
Wu Jian
Xom
Zin
The Shining One

Shops:
D:5 =


Innate Abilities, Weirdness & Mutations

You are resistant to torment.
Your stone body is resilient. (AC +7)
You are immune to poison.
You resist negative energy. (rN+)
You are resistant to electric shocks. (rElec)
You can survive without breathing.
You are immune to petrification.
You are immune to rotting.


Message History

You feel the power of Trog in you as your rage grows.
You kill the killer bee!
Trog accepts your kill.
You slash the killer bee!
You kill the killer bee!
Trog accepts your kill.
You completely miss the sun demon. The killer bee closely misses you.
The sun demon hits you.
* * * LOW HITPOINT WARNING * * *
You are engulfed in flames!
* * * LOW HITPOINT WARNING * * *
The killer bee barely misses you.
You closely miss the killer bee.
The killer bee is moderately wounded.
Your plate armour prevents you from hitting the sun demon.
You slash the quasit! You barely miss the iron imp. You slash the quasit!
The killer bee closely misses you. The sun demon hits you.
* * * LOW HITPOINT WARNING * * *
You are engulfed in flames!
You die...

####.# # #....#
#######.##.############
......................
.........?...##......
.............##....# .
.............).....##...
...........(.(...55o....
........)......)@yK.....
...............553KK....
...............5.3KK....
##................55....
##..........>...........
........................
........................
.##........###..........
#........)


You could see a sun demon, 2 kobold demonologists, a ynoxinul, 2 big kobolds, a
killer bee, 2 iron imps, an orc priest, 2 quasits, 3 ufetubi and a kobold.

Vanquished Creatures
  Joseph (D:7)
  Sigmund (D:2)
  2 hungry ghosts (D:8)
  Menkaure (D:7)
  2 wargs (D:9)
  An acid dragon (D:8)
  A water moccasin (D:3)
  Duvessa (D:7)
  A hornet zombie (D:6)
  2 orc warriors
  A sky beast (D:5)
  A black bear (D:6)
  An ice beast (D:9)
  3 phantoms
  2 centaurs
  4 ogres
  A big kobold (D:8)
  2 bullfrogs
  Dowan (D:7)
  2 scorpions
  8 killer bees
  4 wights (D:8)
  4 howler monkeys
  2 crimson imps
  8 orc wizards
  5 hounds
  6 orc priests
  2 jellies
  4 bullfrog skeletons
  2 iguanas
  3 hell rats (D:7)
  5 worker ants
  Terence (D:2)
  A hound zombie (D:7)
  A mummy (D:6)
  11 adders
  4 gnolls
  A howler monkey skeleton (D:8)
  4 river rats (D:7)
  2 shadow imps (D:8)
  An adder skeleton (D:7)
  2 worms
  7 leopard geckos
  32 orcs
  2 ball pythons
  5 bats
  4 giant cockroaches
  3 goblins
  4 hobgoblins
  4 jackals
  13 kobolds
  5 quokkas
  A ball python skeleton (D:2)
  8 frilled lizards
  A jackal skeleton (D:6)
  A quokka skeleton (D:8)
  2 quokka zombies
  20 rats
224 creatures vanquished.

Notes
Turn   | Place    | Note
-------+----------+-------------------------------------------
     0 | D:1      | Fang the Gargoyle Berserker began the quest for the Orb.
     0 | D:1      | Reached XP level 1. HP: 14/14 MP: 1/1
    84 | D:1      | Reached XP level 2. HP: 10/19 MP: 2/2
   741 | D:2      | Reached XP level 3. HP: 24/24 MP: 3/3
   820 | D:2      | Noticed Sigmund
   835 | D:2      | Killed Sigmund
   835 | D:2      | Reached skill level 4 in Fighting
   835 | D:2      | Reached XP level 4. HP: 29/30 MP: 4/4
   835 | D:2      | Reached XP level 5. HP: 33/34 MP: 5/5
   924 | D:2      | Noticed Terence
   939 | D:2      | Killed Terence
   939 | D:2      | Reached XP level 6. HP: 33/39 MP: 6/6
  1191 | D:2      | Reached ** piety under Trog
  1950 | D:3      | Found an ornate altar of the Wu Jian Council.
  2397 | D:4      | Noticed a water moccasin
  2401 | D:4      | Noticed a phantom
  2629 | D:4      | HP: 3/60 [ogre/+0 giant club (4)]
  2632 | D:4      | Reached skill level 5 in Fighting
  2632 | D:4      | Reached XP level 7. HP: 3/44 MP: 7/7
  2636 | D:4      | HP: 2/44 [phantom (2)]
  2915 | D:4      | Reached skill level 5 in Armour
  3016 | D:4      | Found a shimmering altar of Xom.
  3016 | D:4      | Found a shimmering altar of Xom.
  3030 | D:4      | Found a shimmering altar of Xom.
  3035 | D:4      | Found a shimmering altar of Xom.
  3242 | D:4      | Found a shimmering altar of Xom.
  3447 | D:4      | Found an iron altar of Okawaru.
  3597 | D:5      | Entered Level 5 of the Dungeon
  3613 | D:5      | Found Comoul's Jewellery Boutique.
  3644 | D:5      | Reached XP level 8. HP: 25/51 MP: 8/8
  4079 | D:5      | Reached skill level 6 in Fighting
  4079 | D:5      | Reached skill level 5 in Axes
  4399 | D:6      | Found a sparkling altar of Nemelex Xobeh.
  4862 | D:6      | Found a shadowy altar of Dithmenos.
  5136 | D:6      | Found a staircase to the Ecumenical Temple.
  5202 | Temple   | Entered the Ecumenical Temple
  5390 | D:6      | Reached skill level 7 in Fighting
  5390 | D:6      | Reached XP level 9. HP: 30/57 MP: 9/9
  5702 | D:6      | Found a snail-covered altar of Cheibriados.
  5956 | D:6      | Reached skill level 5 in Dodging
  6215 | D:6      | Reached *** piety under Trog
  6757 | D:7      | Noticed Duvessa
  6763 | D:7      | Noticed Dowan
  6768 | D:7      | Killed Duvessa
  6782 | D:7      | Killed Dowan
  6823 | D:7      | Found the +2 ratskin cloak {+Rats rPois rN+ Str-1 Int-1
                  | Dex+1}
  7088 | D:7      | Noticed Joseph
  7105 | D:7      | Killed Joseph
  7105 | D:7      | Reached skill level 8 in Fighting
  7993 | D:7      | Noticed Menkaure
  8006 | D:7      | Killed Menkaure
  8006 | D:7      | Reached XP level 10. HP: 50/64 MP: 10/10
  8317 | D:8      | Reached **** piety under Trog
  9213 | D:8      | Found a bloodstained altar of Trog.
  9272 | D:8      | Found a hazy altar of Hepliaklqana.
  9283 | D:8      | Found a burning altar of Makhleb.
  9557 | D:9      | Reached skill level 9 in Fighting
  9680 | D:9      | Found a staircase to the Orcish Mines.
  9684 | D:9      | Reached ***** piety under Trog
  9701 | D:9      | Noticed a kobold demonologist
  9702 | D:9      | Noticed a kobold demonologist
  9703 | D:9      | Noticed a sun demon
  9714 | D:9      | Slain by a sun demon

Skill      XL: |  1  2  3  4  5  6  7  8  9 10 |
---------------+-------------------------------+-----
Axes           | 3 4 5 6 7 |  7.5
Dodging        | 2 3 4 5 6 |  6.6
Fighting       | 4 5 7 8 9 |  9.1
Armour         | 3 4 5 6 7 8 |  8.7

Action                   |  1- 3 |  4- 6 |  7- 9 | 10-12 || total
-------------------------+-------+-------+-------+-------++-------
Melee: Hand axe          |    68 |   127 |   325 |       ||   520
       War axe           |       |       |   215 |   231 ||   446
Invok: Berserk           |     2 |     1 |     6 |     1 ||    10
       Trog's Hand       |       |       |     4 |       ||     4
  Use: Scroll            |     6 |     7 |     7 |     2 ||    22
       Potion            |       |       |     1 |       ||     1
  Eat: Chunk             |     1 |     6 |    26 |    26 ||    59
       Ration            |       |       |     2 |     1 ||     3
Armor: Animal skin       |    32 |     5 |       |       ||    37
       Ring mail         |       |    37 |       |       ||    37
       Chain mail        |       |    22 |   360 |    72 ||   454
       Plate armour      |       |       |       |   130 ||   130
Dodge: Dodged            |    51 |    83 |   303 |   158 ||   595
Block: Other             |       |       |    21 |       ||    21
